Match 42283331
Unlisted

Match 42283331
End
Panzergrenadier Squad
Selects Armored Support Battlegroup
Panzergrenadier Squad
250 Light Carrier
Construct Light Support Kompanie
Combat Half-tracks
Assault Grenadier Squad
Fire Support Elements
Assault Mechanized Group
Veteran Squad Leaders
Selects Veteran Gunners
Selects Flammpanzer III Medium Tank
Flammpanzer III Medium Tank
Vehicle Survival Package
Panzerjäger Mechanized Group
Construct Panzerarmee Kommand
MG34 Team
Selects Salvage Kits
Selects Panzer Storm
Panzer III L Medium Tank
Flammpanzer III Medium Tank
Pak 38 Mechanized Group
Selects Stuka Dive Bomb
Emergency Repair Kits
Flak 36 Anti-tank Gun Team
MG34 Team
Selects Battlefield Salvage
Stuka Dive Bomb
Panzer III L Medium Tank
2.5-tonne Medical Truck
CAuMOH
✠Kaiser✠ tushkan
Kitsuné
Dumais
0
0

Comments sign in to comment!

No comments posted yet!